Map: Orbital Shipyard

Players

ILLBdA

  • Race: Protoss Protoss
  • League: Diamond

lIIIlIIlIllI - Winner!

  • Race: Terran Terran
  • League: Master

VOD

Have the link to the VOD?

Description

Time

  • Played on: Dec. 13, 2015, 5:36 a.m.
  • Length: 6:21
Show
View Real Time Build Order
Export as new Build Order

ILLBdA Protoss 

Build Orders:  

Get SALT Encoding   

  12  0:04  Probe (Chrono Boost)  
  13  0:14  Probe (Chrono Boost)  
  13  0:20  Pylon  
  14  0:25  Probe (Chrono Boost)  
  15  0:38  Probe (Chrono Boost)  
  15  0:40  Pylon  
  16  0:46  Gateway  
  16  0:52  Assimilator  
  16  0:56  Probe (Chrono Boost)  
  17  1:07  Probe (Chrono Boost)  
  17  1:08  Assimilator  
  18  1:17  Probe (Chrono Boost)  
  19  1:19  Gateway  
  19  1:28  Probe (Chrono Boost)  
  20  1:33  Cybernetics Core  
  20  1:42  Gateway  
  20  1:47  Probe (Chrono Boost)  
  21  1:57  Probe (Chrono Boost)  
  23  2:12  Adept (Chrono Boost)  
  23  2:14  Adept (Chrono Boost)  
  28  2:15  Mothership Core  
  28  2:24  Pylon, Warp Gate  
  28  2:29  Adept (Chrono Boost)  
  30  2:40  Pylon  
  30  2:50  Pylon  
  30  2:55  Pylon  
  30  2:56  Pylon  
  33  3:05  Adept (Chrono Boost)  
  33  3:06  Adept (Chrono Boost)  
  33  3:10  Adept (Chrono Boost)  
  31  3:46  Stargate  
  35  3:49  Adept (Chrono Boost)  
  35  3:50  Adept (Chrono Boost)  
  35  3:53  Probe  
  38  4:30  Sentry x2, Oracle (Chrono Boost)  
  43  4:43  Adept  
  45  4:48  Pylon  
  35  5:09  Nexus  
  35  5:12  Pylon  
  35  5:13  Mothership Core  
  37  5:26  Robotics Facility  
  37  5:34  Probe  
  38  5:45  Phoenix (Chrono Boost)  
  38  5:46  Probe  
  41  5:59  Probe  
  45  6:15  Adept x2  
Show
View Real Time Build Order
Export as new Build Order

lIIIlIIlIllI Terran - Winner!

Build Orders:  

Get SALT Encoding   

  12  0:01  SCV  
  13  0:13  SCV  
  14  0:18  Supply Depot  
  14  0:25  SCV  
  15  0:39  SCV  
  15  0:40  Barracks  
  16  0:46  Refinery  
  16  0:52  SCV  
  16  0:54  Refinery  
  17  1:04  SCV  
  18  1:16  SCV  
  19  1:27  Marine  
  19  1:28  Orbital Command  
  19  1:30  Supply Depot  
  20  1:52  Factory  
  20  1:53  Marine  
  21  1:55  SCV  
  22  2:07  SCV  
  23  2:17  Bunker  
  23  2:19  SCV  
  24  2:27  Marine  
  25  2:31  SCV  
  25  2:32  Supply Depot  
  26  2:39  Factory Tech Lab, Starport  
  25  2:45  SCV  
  25  2:48  Marine  
  26  2:59  SCV  
  26  3:03  Cyclone  
  30  3:05  Marine  
  30  3:09  Supply Depot  
  31  3:13  SCV  
  31  3:20  Viking  
  31  3:23  Marine  
  31  3:25  SCV  
  35  3:37  SCV  
  36  3:41  Marine  
  36  3:45  Cyclone  
  40  3:49  SCV  
  40  3:53  Medivac  
  43  4:01  SCV  
  44  4:22  Supply Depot  
  44  4:23  Command Center  
  44  4:27  SCV  
  44  4:30  Widow Mine  
  47  4:31  Starport Reactor  
  47  4:32  Barracks Tech Lab  
  47  4:44  SCV  
  48  4:47  Supply Depot  
  48  4:51  Armory  
  48  5:10  Marine  
  48  5:11  Widow Mine  
  51  5:16  SCV  
  52  5:28  Supply Depot  
  52  5:29  SCV  
  53  5:40  Marine  
  54  5:43  Viking, Widow Mine  
  54  5:48  SCV  
  59  5:50  Orbital Command  
  59  6:02  SCV  
Tags
 
Add a new tag
Caveats
  • Supply blocks, unpowered buildings, or Contaminate may cause inaccurate times.
  • Supply counts are checked every 10 seconds.